 Dungeon Crawl Stone Soup version 0.32-a0-913-g739538afd8 (webtiles) character file.

Game seed: 15310585713748011677

434 croobank the Sneak (level 6, -1/56 HPs)
             Began as a Draconian Delver on Apr 9, 2024.
             Engulfed by a cloud of flame (10 damage)
             ... on level 2 of the Dungeon.
             The game lasted 00:11:29 (3138 turns).

croobank the Sneak (Draconian Delver)               Turns: 3138, Time: 00:11:29

Health: -1/56      AC:  6    Str: 16    XL:     6   Next: 67%
Magic:  15/15      EV: 12    Int: 12    God:
Gold:   157        SH:  0    Dex: 13    Spells: 3/5 levels left

rFire   + . .        m - +7 dagger of Dried Tears {elec, rC+ MP+9 Str+2}
rCold   . . .        (no shield)
rNeg    . . .        (body armour unavailable)
rPois   .            (helmet currently unavailable)
rElec   .            (cloak currently unavailable)
rCorr   .            h - melded +2 pair of gloves of Greater Demons {Harm rPois MP+9}
SInv    .            (boots currently unavailable)
Will    +....        (no amulet)
Stlth   +++          r - ring of willpower
HPRegen 0.29/turn    t - ring of fire
MPRegen 0.14/turn

%: no passive effects
@: beast-form
A: beast (slay +0), AC +6, unfitting armour, cold-blooded
a: Begin Untransformation


You were on level 2 of the Dungeon.
You were a hulking beast.
You visited 1 branch of the dungeon, and saw 5 of its levels.
You also visited: Ossuary.

You collected 157 gold pieces.

Inventory:

Hand Weapons
 i - a +0 war axe
 j - a +2 hand axe of flaming
 k - a +3 dagger
 m - the +7 dagger of Dried Tears (weapon) {elec, rC+ MP+9 Str+2}
   (You took it off a kobold on level 3 of the Dungeon)

   Str+2:     It affects your strength (+2).
   rC+:       It protects you from cold.
   MP+9:      It affects your magic capacity (+9).
 p - a +1 dagger of speed
Missiles
 s - 6 silver javelins (quivered)
Armour
 h - the +2 pair of gloves of Greater Demons (melded) {Harm rPois MP+9}
   (You found it on level 4 of the Dungeon)

   rPois:     It protects you from poison.
   MP+9:      It affects your magic capacity (+9).
   Harm:      It increases damage dealt and taken.
Jewellery
 r - a ring of willpower (left hand)
 t - a ring of fire (right hand)
Talismans
 n - a beast talisman (active)
Wands
 f - a wand of digging (3)
 v - a wand of flame (25)
Scrolls
 b - a scroll of fog
 c - a scroll of revelation
 d - a scroll of fear
 e - 3 scrolls of identify {unknown}
 o - a scroll of blinking {unknown}
Potions
 a - a potion of brilliance {unknown}
 g - a potion of mutation {unknown}
 l - a potion of attraction {unknown}
 q - a potion of berserk rage {unknown}
 u - a potion of might {unknown}
 w - 2 potions of magic {unknown}


   Skills:
 + Level 5.0 Fighting
 + Level 3.9 Short Blades
 + Level 3.5 Dodging
 + Level 5.7 Stealth
 * Level 0.1 Spellcasting
 * Level 0.2 Conjurations


You had 3 spell levels left.
You knew the following spells:

 Your Spells              Type           Power      Damage    Failure   Level
a - Searing Ray           Conj           0%         2d4       41%         2

Your spell library contained the following spells:

 Spells                   Type           Power      Damage    Failure   Level
 Magic Dart               Conj           0%         1d3       30%         1
 Fulminant Prism          Conj/Alch      0%         3d5       97%         4


Dungeon Overview and Level Annotations

Branches:
Dungeon (5/15)            Ossuary (visited)
 Temple: D:4-7

Altars:


Innate Abilities, Weirdness & Mutations

You are a hulking beast.
Your limbs bulge with bestial killing power. (Slay +0)
Your plain brown scales are hard. (AC +6)
You cannot fit into any form of body armour.
You are cold-blooded and may be slowed by cold attacks.


Message History

You are too injured to fight recklessly!
You barely miss the adder. The adder bites you but does no damage.
You hit the adder. You tail-slap the adder.
The adder is heavily wounded.
The adder bites you.
You are poisoned.
The adder poisons you!
You closely miss the adder.
The adder is heavily wounded.
You feel sick. The adder bites you but does no damage.
You miss the adder.
The adder is heavily wounded.
You feel sick. The adder barely misses you.
You puncture the adder! Lightning courses through the adder!!
You kill the adder!
You feel sick.
Okay, then.
You feel sick.
You feel sick.
You feel sick.
You are no longer poisoned.
You start resting.
HP restored.
You start waiting.
Done waiting.
You start waiting.
Done waiting.
You now have 134 gold pieces (gained 8).
You now have 149 gold pieces (gained 15).
You now have 157 gold pieces (gained 8).
You are engulfed in blazing flames.
You resist.
You are engulfed in blazing flames.
You resist.
You are engulfed in blazing flames.
You resist.
You see here 2 fuming green potions.
w - 2 fuming green potions You are engulfed in blazing flames.
You resist.
You are engulfed in blazing flames.
You resist.
* * * LOW HITPOINT WARNING * * *
You are engulfed in blazing flames.
You resist.
You die...

..### #......##### #...##
#..........## ###..#
#...#####...# ####.### #...#
#§§§# .......#####...# #○§§#
######....)....# #○○§#
##.....######..#####..÷######
...############.○§○.....○○☼.#
.......(........h○§.....§§§.#
###############.§§☼.....§☼.?#
######...###### #§§○# #☼○§#
#§§☼# #...# #####


There were no monsters in sight!

Vanquished Creatures
  The ghost of Poisondrake the Chopper, an amateur MDMo of Dithmenos (D:3)
  A bullfrog (D:4)
  A hound (D:5)
  An orc wizard (D:4)
  3 mummies
  Robin (D:2)
  6 adders
  8 orcs
  5 giant cockroaches
  11 goblins
  3 hobgoblins
  2 jackals (D:2)
  A quokka (D:1)
  9 ball pythons
  5 bats
  A frilled lizard (D:2)
  A gnoll zombie (Ossuary)
  7 kobolds
  2 kobold zombies (Ossuary)
  2 orc zombies (Ossuary)
  A rat (D:1)
72 creatures vanquished.

Notes
Turn   | Place    | Note
-------+----------+-------------------------------------------
     0 | D:5      | croobank the Draconian Delver began the quest for the Orb.
     0 | D:5      | Reached XP level 1. HP: 19/19 MP: 1/1
     6 | D:5      | Noticed a hound
    21 | D:5      | Killed a hound
    22 | D:5      | Reached XP level 2. HP: 12/27 MP: 2/2
    22 | D:5      | Reached XP level 3. HP: 15/33 MP: 3/3
   111 | D:4      | Identified the +2 pair of gloves of Greater Demons {Harm
                  | rPois MP+9}
   275 | D:4      | Found a sand-covered staircase.
   323 | Ossuary  | Entered an ossuary
   365 | Ossuary  | Reached XP level 4. HP: 40/40 MP: 4/4
   720 | D:4      | Reached skill level 5 in Stealth
  1067 | D:4      | Noticed a bullfrog
  1084 | D:4      | Killed a bullfrog
  1085 | D:4      | Reached XP level 5. HP: 41/47 MP: 5/5
  1134 | D:3      | Identified the +7 dagger of Dried Tears {elec, rC+ MP+9
                  | Str+2}
  1216 | D:3      | Found a runed translucent gate.
  1216 | D:3      | Found a runed translucent gate.
  1216 | D:3      | Found a runed translucent gate.
  1219 | D:3      | Noticed Poisondrake's ghost (amateur MDMo)
  1246 | D:3      | Killed Poisondrake's ghost
  1247 | D:3      | Reached XP level 6. HP: 37/55 MP: 6/6
  1497 | D:2      | Noticed Robin
  1503 | D:2      | Killed Robin
  1792 | D:1      | Found a faded altar of an unknown god.
  2477 | D:2      | Reached skill level 5 in Fighting
  2515 | D:2      | Learned a level 2 spell: Searing Ray
  3138 | D:2      | Engulfed by a cloud of flame

Illustrated notes

Levels and vault maps discovered:
D:1:      dpeg_arrival_oval, layout_loops_ring,
          shapermc_ecumenical_altar_pompeii
D:2:      layout_rooms, lemuel_flame_loot_1, uniq_robin
D:3:      layout_basic, mainiacjoe_overflow_paths, ebering_ghost_rock_garden
D:4:      layout_gridville, pdpol_wu_jian_five_deadly_venoms, tso_oasis_becter,
          gup_ossuary_entry_pyramid
D:5:      layout_cave_pools, mainiacjoe_overflow_six_doors_small,
          general_overflow_altar, lemuel_mausoleum_altar_kikubaaqudgha,
          minmay_temple_entry_mist, serial_shops, nicolae_shop_trees,
          dk_rats_in_the_wall, uniq_grinder

Skill      XL: |  1  2  3  4  5  6 |
---------------+-------------------+-----
Dodging        | 2 3 |  3.5
Stealth        | 5 |  5.7
Fighting       | 4 5 |  5.0
Short Blades   | 3 |  3.9
Spellcasting   | |  0.1
Conjurations   | |  0.2

Action                     |  1- 3 |  4- 6 || total
---------------------------+-------+-------++-------
  Melee: Short sword       |    60 |    51 ||   111
         Tailslap          |    14 |    15 ||    29
         Dagger            |       |    98 ||    98
  Evoke: Wand              |     7 |     1 ||     8
    Use: Potion            |       |     4 ||     4
   Stab: Sleeping          |     1 |    12 ||    13
         Invisible         |       |     1 ||     1
         Distracted        |       |     1 ||     1
 Armour: Skin              |    33 |   100 ||   133
  Dodge: Dodged            |    26 |    79 ||   105
   Form: Beast             |       |     1 ||     1

Table legend: (Time is in decaauts)
 A = Elapsed time spent in this place.
 B = Non-inter-level travel time spent in this place.
 C = Inter-level travel time spent in this place.
 D = Time resting spent in this place.
 E = Time spent auto-exploring this place.
 F = Levels seen in this place.
 G = Mean time per level.
                   A        B        C        D        E       F      G
               +--------+--------+--------+--------+--------+-----+--------+
         Total |   3087 |   3002 |     85 |    823 |   1425 |   6 |  514.5 |
       Dungeon |   3035 |   2950 |     85 |    811 |   1425 |   5 |  607.0 |
       Ossuary |     51 |     51 |      0 |     12 |      0 |   1 |   51.0 |
               +--------+--------+--------+--------+--------+-----+--------+

Top non-repeatable levels by time:
     D:4: 947 daAuts
     D:2: 941 daAuts
     D:1: 840 daAuts
     D:3: 237 daAuts
     D:5: 67 daAuts
 Ossuary: 51 daAuts
